[Event "Titled Tuesday Blitz November 01 Early 2022"]
[White "Mihailidis, Anastasios"]
[Black "Quirke, Jeffrey"]
[WhiteFideId "4205588"]
[BlackFideId "2013029"]
[WhiteElo "2312"]
[BlackElo "2198"]
[Result "1-0"]
[Round "06"]
[TimeControl "180+1"]
[Date "2022.11.02"]
[WhiteClock "0:00:53"]
[BlackClock "0:00:01"]

1. e4 c5 2. Nf3 g6 3. d4 cxd4 4. Nxd4 Nf6 5. f3 d5 6. Bb5+ Bd7 7. Bxd7+ Nbxd7 8. exd5 Nxd5 9. O-O Bg7 10. c3 O-O 11. Kh1 e5 12. Nf5 Nxc3 13. Nxc3 gxf5 14. Qc2 Qf6 15. Nd5 Qe6 16. Nc7 Rac8 17. Nxe6 Rxc2 18. Nxf8 Kxf8 19. Rd1 Ke7 20. b3 e4 21. Ba3+ Ke8 22. Rac1 Rxc1 23. Rxc1 Ne5 24. fxe4 fxe4 25. Re1 f5 26. h3 Nd3 27. Re2 Bd4 28. g4 Nf4 29. Re1 e3 30. gxf5 e2 31. Bd6 Bc3 32. Rc1 Bd2 33. Ra1 Nd3 34. Bg3 e1=Q+ 35. Bxe1 Nxe1 36. Rd1 Nf3 37. Kg2 Nd4 38. Rxd2 Nxf5 39. Kf3 Ke7 40. Ke4 Nd6+ 41. Ke5 Nf7+ 42. Kf5 Nd6+ 43. Kg4 Nf7 44. Rc2 Kd7 45. Kf5 Nd6+ 46. Kf6 1-0


[Site "https://www.chess.com"]

[Event "Titled Tuesday Blitz November 01 Early 2022"]
[White "Mirzoev, Azer"]
[Black "Le, Tuan Minh"]
[WhiteFideId "13400304"]
[BlackFideId "12401153"]
[WhiteElo "2525"]
[BlackElo "2530"]
[Result "0-1"]
[Round "06"]
[TimeControl "180+1"]
[Date "2022.11.01"]
[WhiteClock "0:00:06"]
[BlackClock "0:00:05"]

1. d4 d5 2. Nf3 Nf6 3. Bf4 c5 4. e3 Qb6 5. Nc3 Bd7 6. Rb1 e6 7. Be2 Nc6 8. O-O cxd4 9. exd4 Be7 10. a3 O-O 11. Be3 Rac8 12. h3 Qc7 13. Re1 a6 14. Bd3 Na5 15. Ne2 Nc4 16. Bf4 Bd6 17. Bxd6 Qxd6 18. c3 b5 19. Ng3 a5 20. Ne5 b4 21. axb4 axb4 22. Bxc4 dxc4 23. Ne4 Nxe4 24. Rxe4 Bc6 25. Nxc6 Qxc6 26. Qe2 Qa4 27. Re1 Qb3 28. Qd2 Rfd8 29. Rg4 g6 30. h4 Rd5 31. Rg5 bxc3 32. bxc3 Rcd8 33. g3 h5 34. Rxd5 Rxd5 35. Qe3 Qc2 36. Kg2 Ra5 37. Re2 Qb1 38. Re1 Qb2 39. Re2 Qb1 40. Re1 Qb5 41. Qf3 Qb2 42. Re3 Qc1 43. Kh2 Ra1 44. Re5 Qg1+ 45. Kh3 Rf1 46. Re2 Rc1 47. Qg2 Qxg2+ 48. Kxg2 Rxc3 49. Ra2 Kg7 50. Ra7 Rd3 51. Rd7 Kf8 52. Rd8+ Ke7 53. Rc8 Rxd4 54. Rc7+ Kf6 55. Kf3 e5 56. Ke3 Ke6 57. Rc6+ Kf5 58. Rc7 f6 59. Rc6 g5 60. hxg5 fxg5 61. Rc8 h4 62. gxh4 gxh4 63. Rf8+ Kg6 64. Rh8 h3 65. f3 c3 66. Rg8+ Kf7 67. Rc8 h2 0-1


[Site "https://www.chess.com"]

[Event "Titled Tuesday Blitz November 01 Early 2022"]
[White "Mladenovic, Stefan"]
[Black "Chernomordik, Pavel"]
[WhiteFideId "942227"]
[BlackFideId "2804530"]
[WhiteElo "2337"]
[BlackElo "2217"]
[Result "1-0"]
[Round "06"]
[TimeControl "180+1"]
[Date "2022.11.02"]
[WhiteClock "0:00:04"]
[BlackClock "0:00:15"]

1. d4 g6 2. Nf3 Bg7 3. Bf4 d6 4. e3 Nd7 5. h3 e5 6. Bh2 Qe7 7. Be2 Nh6 8. O-O O-O 9. c4 f5 10. Nc3 c6 11. Rc1 g5 12. b4 g4 13. hxg4 Nxg4 14. Bg3 e4 15. Nd2 Ndf6 16. Bxg4 Nxg4 17. Qe2 Rf6 18. Bf4 h5 19. f3 exf3 20. gxf3 Nh6 21. Kf2 Bd7 22. Bg5 Re8 23. Bxf6 Qxf6 24. Rg1 f4 25. Nde4 Qh4+ 26. Kf1 Bh3+ 27. Rg2 Nf5 28. exf4 Nxd4 29. Qd3 Qxf4 30. Re1 Rf8 31. Ne2 Qxf3+ 32. Qxf3 Rxf3+ 33. Kg1 Bxg2 34. Nxd4 Bxd4+ 35. Kxg2 Ra3 36. Nxd6 Rxa2+ 37. Kf3 Rf2+ 38. Ke4 Bc3 39. Rg1+ Kf8 40. b5 cxb5 41. cxb5 Bb4 42. Nxb7 Rf7 43. Nd8 Re7+ 44. Kf5 Rd7 45. Nc6 Bc5 46. Ke6 Rd6+ 47. Ke5 Rxc6 48. Rf1+ Ke7 49. bxc6 Bd6+ 50. Kd5 Bc7 51. Rh1 a5 52. Rxh5 Bg3 53. Rh7+ Kd8 54. Ra7 Bc7 55. Ke6 Kc8 56. Ra8+ Bb8 57. Rxb8+ Kxb8 58. Kd7 a4 59. c7+ 1-0


[Site "https://www.chess.com"]

[Event "Titled Tuesday Blitz November 01 Early 2022"]
[White "Myshakov, Fyodor"]
[Black "Principe, Gerson"]
[WhiteFideId "14111284"]
[BlackFideId "3804550"]
[WhiteElo "2310"]
[BlackElo "2280"]
[Result "1-0"]
[Round "06"]
[TimeControl "180+1"]
[Date "2022.11.02"]
[WhiteClock "0:00:42"]
[BlackClock "0:00:01"]

1. c4 e6 2. Nc3 d5 3. cxd5 exd5 4. d4 Nf6 5. Nf3 c6 6. Bg5 Bd6 7. Qc2 Bg4 8. Ne5 Bh5 9. g4 Bg6 10. Nxg6 hxg6 11. h3 Nbd7 12. e3 Qa5 13. Bg2 Bb4 14. a3 Bxc3+ 15. bxc3 Rc8 16. O-O O-O 17. c4 dxc4 18. Bxf6 Nxf6 19. Qxc4 Qc7 20. Rab1 b6 21. Rfc1 c5 22. dxc5 bxc5 23. Rb7 Qa5 24. a4 g5 25. Rb5 Qd2 26. Rxc5 Rxc5 27. Qxc5 Rd8 28. Rf1 a5 29. Qxg5 Qb4 30. Qb5 Rb8 31. Qxb4 Rxb4 32. Bc6 Kf8 33. Rd1 Rc4 34. Bb5 Rc7 35. Rd4 Ke7 36. Kg2 g6 37. h4 Ke6 38. Rc4 Rxc4 39. Bxc4+ Ke7 40. Kf3 Nd7 41. Bb5 Ne5+ 42. Kf4 f6 43. g5 Nf7 44. Bd3 Ne5 45. Be4 Kf7 46. f3 Kg7 47. Bd5 Nd3+ 48. Kg3 1-0


[Site "https://www.chess.com"]

[Event "Titled Tuesday Blitz November 01 Early 2022"]
[White "Namitbir Singh Walia"]
[Black "Ismayil, Malak"]
[WhiteFideId "35071068"]
[BlackFideId "13412604"]
[WhiteElo "2239"]
[BlackElo "1879"]
[Result "0-1"]
[Round "06"]
[TimeControl "180+1"]
[Date "2022.11.02"]
[WhiteClock "0:00:06"]
[BlackClock "0:00:06"]

1. d4 Nf6 2. c4 g6 3. Nf3 Bg7 4. g3 O-O 5. Bg2 d6 6. O-O c6 7. Nc3 Nbd7 8. e4 Qc7 9. Qc2 e5 10. h3 Re8 11. Rd1 Nb6 12. b3 h6 13. Bb2 Kh7 14. Rac1 Nbd7 15. Kh2 Nf8 16. Ba3 Ne6 17. dxe5 dxe5 18. Bd6 Qa5 19. Bxe5 Nc5 20. Re1 Be6 21. Rb1 Ncd7 22. Bd4 Qc7 23. Rbd1 a5 24. Na4 Rad8 25. Nc5 Nxc5 26. Bxc5 b6 27. Be3 Nd7 28. Rd2 Ra8 29. Red1 Nf8 30. Bf4 Qc8 31. Nd4 Bd7 32. Be3 Ne6 33. Nxe6 Bxe6 34. Rd6 Rb8 35. f4 Bf8 36. R6d2 c5 37. e5 Bf5 38. Be4 Be6 39. Bd5 Bf5 40. Qb2 Kg8 41. Bg2 Bg7 42. g4 Be6 43. Qc2 Qc7 44. Bf2 g5 45. fxg5 Bxe5+ 46. Kh1 hxg5 47. Re2 Bf4 48. Bd5 Rbd8 49. Bxe6 Rxd1+ 50. Qxd1 Rxe6 51. Rxe6 fxe6 52. Qe2 Kf7 53. Qe4 Qd6 54. Kg2 Qd2 55. a4 Kf6 56. Kf1 Qd1+ 57. Kg2 Qxb3 58. h4 Qb2 59. h5 Be5 60. h6 Bd4 61. Qf3+ Kg6 62. Qe4+ Kxh6 63. Qxe6+ Kg7 64. Qd7+ Kg6 65. Qe6+ Bf6 66. Qf5+ Kg7 67. Kf3 Qc3+ 68. Be3 Qe5 69. Qd7+ Kg6 70. Qc8 Qe7 71. Qb8 Qe6 72. Qa8 Qd6 73. Qe4+ Kf7 74. Qf5 Qe6 75. Qh7+ Bg7 76. Bxg5 Qxc4 77. Qf5+ Kg8 78. Qc8+ Kh7 79. Qf5+ Kg8 80. Bf6 Qb3+ 81. Kg2 Qa2+ 82. Kh3 Qf7 83. Qc8+ Kh7 84. Bd8 Qf3+ 85. Kh4 Qf2+ 86. Kh3 Qf7 87. Bg5 Qf3+ 88. Kh4 Qh1+ 89. Kg3 Be5+ 90. Kf2 Qh2+ 91. Ke3 Bd4+ 92. Ke4 Qe5+ 93. Kd3 Qxg5 94. Qd7+ Qg7 95. Qf5+ Qg6 96. Kc4 Qxf5 97. gxf5 Kg7 0-1


[Site "https://www.chess.com"]

[Event "Titled Tuesday Blitz November 01 Early 2022"]
[White "Narayanan, Srinath"]
[Black "Kodinets, Konstantin L."]
[WhiteFideId "5018420"]
[BlackFideId "4122011"]
[WhiteElo "2778"]
[BlackElo "2571"]
[Result "1-0"]
[Round "06"]
[TimeControl "180+1"]
[Date "2022.11.02"]
[WhiteClock "0:00:11"]
[BlackClock "0:00:03"]

1. d4 d6 2. Nf3 Nf6 3. c4 Nbd7 4. Nc3 c6 5. g3 e5 6. Bg2 Be7 7. O-O O-O 8. Qc2 a6 9. Rd1 Qc7 10. b3 Re8 11. Ba3 Bf8 12. Rd2 e4 13. Ng5 e3 14. fxe3 Rxe3 15. Rf1 Qa5 16. Nce4 h6 17. Nxf7 Kxf7 18. Bxd6 Rxe4 19. Bxf8 Re8 20. Bd6 Nf8 21. e4 Kg8 22. e5 N6h7 23. Rdf2 Bg4 24. d5 Rac8 25. Qe4 Bh5 26. e6 cxd5 27. cxd5 Bg6 28. Qe5 Rc5 29. Rf7 Nxe6 30. Rxb7 Nhg5 31. h4 1-0


[Site "https://www.chess.com"]

[Event "Titled Tuesday Blitz November 01 Early 2022"]
[White "Navara, David"]
[Black "Martinez Alcantara, Jose Eduardo"]
[WhiteFideId "309095"]
[BlackFideId "3805662"]
[WhiteElo "2676"]
[BlackElo "2703"]
[Result "1-0"]
[Round "06"]
[TimeControl "180+1"]
[Date "2022.11.01"]
[WhiteClock "0:00:04"]
[BlackClock "0:00:07"]

1. d4 Nf6 2. c4 e6 3. Nc3 Bb4 4. e3 O-O 5. Bd3 d5 6. cxd5 exd5 7. Ne2 Re8 8. O-O Nbd7 9. f3 c5 10. a3 Ba5 11. b4 cxb4 12. axb4 Bxb4 13. Qb3 a5 14. Nxd5 Nxd5 15. Qxd5 Qe7 16. e4 Nf6 17. Qb3 Bd7 18. e5 Nh5 19. g4 Qh4 20. gxh5 Rac8 21. Be3 Qxh5 22. Ng3 Qh3 23. Rfc1 h5 24. Bf1 Qh4 25. Ne4 Qe7 26. Bg5 Qf8 27. Bc4 b5 28. Bd5 a4 29. Qa2 Bf5 30. Kh1 Rxc1+ 31. Rxc1 Be6 32. Rc6 Bxd5 33. Qxd5 a3 34. Ra6 Kh8 35. Qxb5 Rb8 36. Qc4 Rc8 37. Qd5 Qe8 38. Kg2 Rc2+ 39. Kg3 Be1+ 40. Kf4 Rc8 41. Nd6 Bd2+ 42. Kg3 Be1+ 43. Kf4 Bd2+ 44. Ke4 f5+ 45. Kd3 Rc3+ 46. Kxd2 Qb8 47. Kxc3 Qb2+ 48. Kd3 Qb1+ 49. Ke2 Qc2+ 50. Bd2 Kh7 51. Qf7 f4 52. Qxh5+ Kg8 53. Ra8+ 1-0


[Site "https://www.chess.com"]

[Event "Titled Tuesday Blitz November 01 Early 2022"]
[White "Nozdrachev, Leonid"]
[Black "Parligras, Mircea-Emilian"]
[WhiteFideId "24113433"]
[BlackFideId "1204297"]
[WhiteElo "2535"]
[BlackElo "2733"]
[Result "0-1"]
[Round "06"]
[TimeControl "180+1"]
[Date "2022.11.02"]
[WhiteClock "0:00:22"]
[BlackClock "0:00:15"]

1. e4 c6 2. Nf3 d5 3. e5 Bg4 4. d4 e6 5. Nbd2 Ne7 6. c4 dxc4 7. Bxc4 Nd7 8. Bb3 Nb6 9. O-O Ned5 10. a3 Be7 11. Qe2 O-O 12. Re1 a5 13. Ne4 a4 14. Bc2 Bf5 15. Bd2 Bg6 16. Rac1 h6 17. Qf1 Nc7 18. Bd3 Qd7 19. Nc5 Bxc5 20. Bxg6 fxg6 21. dxc5 Nbd5 22. Qc4 g5 23. h3 Nf4 24. Qe4 Ncd5 25. Kh2 Rf7 26. g3 Nh5 27. Bxg5 Raf8 28. Bf6 gxf6 29. Qg6+ Ng7 30. Qxh6 Nf5 31. Qh5 Rh7 32. Qg6+ Rg7 33. Qh5 fxe5 34. Nxe5 Qe8 35. Qxe8 Rxe8 36. Rc4 Ra8 37. Ng4 Kf7 38. Ne5+ Ke7 39. g4 Nh4 40. f4 Ng6 41. Nd3 Kd7 42. Kg3 Ra5 43. h4 Rb5 44. h5 Rb3 45. Rd4 Nxf4 46. Rd1 Nxh5+ 47. Kh4 Nf6 48. Ne5+ Kc7 49. R1d3 Rxb2 50. Rd2 Rxd2 51. Rxd2 Ne4 0-1


[Site "https://www.chess.com"]

[Event "Titled Tuesday Blitz November 01 Early 2022"]
[White "Nurmanova, Alua"]
[Black "Unat, Can Haktan"]
[WhiteFideId "13729390"]
[BlackFideId "6398073"]
[WhiteElo "2088"]
[BlackElo "2146"]
[Result "1-0"]
[Round "06"]
[TimeControl "180+1"]
[Date "2022.11.02"]
[WhiteClock "0:00:17"]
[BlackClock "0:00:12"]

1. e4 e6 2. d4 d5 3. Nc3 Bb4 4. e5 c5 5. a3 Bxc3+ 6. bxc3 Ne7 7. Qg4 Qc7 8. Qxg7 Rg8 9. Qxh7 cxd4 10. Qd3 dxc3 11. Nf3 Nbc6 12. Qxc3 d4 13. Nxd4 Qxe5+ 14. Ne2 Qd6 15. Be3 Nd5 16. Qc5 Qe5 17. Bd4 Qe4 18. f3 Qh4+ 19. Bf2 Qh8 20. Rb1 Rg5 21. h4 Re5 22. Bg3 Re3 23. c4 Qc3+ 24. Kf2 Qc2 25. Rc1 Qd2 26. cxd5 Nd4 27. Re1 b6 28. Qc4 Bd7 29. Bf4 Nf5 30. dxe6 Bxe6 31. Qc6+ Ke7 32. Qxa8 Rxe2+ 33. Bxe2 Qxf4 34. Qb7+ Kf6 35. Qe4 Qg3+ 36. Kf1 Bd5 37. Qe8 Be6 38. Qd8+ Kg7 39. Qg5+ Qxg5 40. hxg5 Ng3+ 41. Kf2 Nf5 42. g4 Ne7 43. Bd3 Nd5 44. Rh7+ Kg8 45. Reh1 Kf8 46. g6 fxg6 47. Bxg6 Nf4 48. Be4 a5 49. Ra7 Kg8 50. Rd1 Bf7 51. Rd8+ Kg7 52. Rdd7 Kf6 53. Rxf7+ Ke5 54. Ke3 Ne6 55. f4+ Kd6 56. Rfd7+ Kc5 57. f5 Ng5 58. f6 Kc4 59. Rac7+ Kb5 60. Bd3+ Ka4 61. f7 Kxa3 62. f8=Q+ Ka4 63. Bc2+ Kb5 64. Rd5+ Ka6 65. Qa8# 1-0


[Site "https://www.chess.com"]

[Event "Titled Tuesday Blitz November 01 Early 2022"]
[White "Oglaza, Oskar"]
[Black "Sargsyan, Anna M."]
[WhiteFideId "1194402"]
[BlackFideId "13308130"]
[WhiteElo "2204"]
[BlackElo "2284"]
[Result "0-1"]
[Round "06"]
[TimeControl "180+1"]
[Date "2022.11.02"]
[WhiteClock "0:00:17"]
[BlackClock "0:00:27"]

1. e4 c6 2. d4 d5 3. Nc3 dxe4 4. Nxe4 Nd7 5. Nf3 Ngf6 6. Qe2 Nxe4 7. Qxe4 Nf6 8. Qh4 Bf5 9. c3 e6 10. Be2 Be7 11. Qg3 O-O 12. Ne5 Ne4 13. Qf3 f6 14. Nd3 Qd7 15. h4 h6 16. g4 Bh7 17. Bf4 c5 18. dxc5 e5 19. Be3 Nxc3 20. bxc3 e4 21. Ne5 fxe5 22. Qg3 Qc7 23. g5 Kh8 24. gxh6 gxh6 25. Rd1 Bxc5 26. Bxc5 Qxc5 27. Rd7 Rg8 28. Qh3 Raf8 29. Rh2 Bf5 0-1


[Site "https://www.chess.com"]

[Event "Titled Tuesday Blitz November 01 Early 2022"]
[White "Omariev, Maksim"]
[Black "parintele_chess"]
[WhiteFideId "4193423"]
[WhiteElo "2410"]
[BlackElo "2215"]
[Result "1-0"]
[Round "06"]
[TimeControl "180+1"]
[Date "2022.11.02"]
[WhiteClock "0:00:54"]
[BlackClock "0:01:40"]

1. g4 d5 2. Bg2 c6 3. h3 Nf6 4. d4 g6 5. c4 Bg7 6. Nf3 dxc4 7. Ne5 O-O 8. Nxc4 Nbd7 9. Nc3 Nb6 10. Ne5 Nbd5 11. e4 Nxc3 12. bxc3 c5 13. O-O cxd4 14. cxd4 Nd7 15. f4 Nxe5 16. fxe5 Qb6 17. Be3 Bxe5 18. Rb1 Qe6 19. dxe5 Qxe5 20. Qd5 Qg3 21. Rf3 Qc7 22. Rc1 Qb8 23. Bf4 1-0


[Site "https://www.chess.com"]

[Event "Titled Tuesday Blitz November 01 Early 2022"]
[White "Orlov, Georgi"]
[Black "Vifleemskaia, Svetlana"]
[WhiteFideId "2011271"]
[BlackFideId "4129490"]
[WhiteElo "2570"]
[BlackElo "1929"]
[Result "1-0"]
[Round "06"]
[TimeControl "180+1"]
[Date "2022.11.02"]
[WhiteClock "0:00:35"]
[BlackClock "0:00:02"]

1. e4 e5 2. Nf3 Nc6 3. Bc4 Nf6 4. Ng5 d5 5. exd5 Na5 6. Bb5+ c6 7. dxc6 bxc6 8. Qf3 Be7 9. Bd3 O-O 10. Nc3 Rb8 11. O-O c5 12. Re1 c4 13. Bf5 Bb7 14. Qh3 h6 15. Nge4 Nc6 16. Nxf6+ Bxf6 17. d3 cxd3 18. Bxd3 Nb4 19. Bf5 e4 20. Nxe4 Nxc2 21. Nxf6+ Qxf6 22. Bxc2 Rbc8 23. Bb3 Qg6 24. Be3 a5 25. Qg3 Qf6 26. Rad1 Rfe8 27. Rd7 Re7 28. Rxe7 Qxe7 29. Rd1 Rd8 30. Rxd8+ Qxd8 31. h3 Be4 32. Bxh6 1-0


[Site "https://www.chess.com"]

[Event "Titled Tuesday Blitz November 01 Early 2022"]
[White "Orozbaev, Eldiar"]
[Black "Beerdsen, Thomas"]
[WhiteFideId "13802240"]
[BlackFideId "1030108"]
[WhiteElo "2244"]
[BlackElo "2567"]
[Result "1/2-1/2"]
[Round "06"]
[TimeControl "180+1"]
[Date "2022.11.01"]
[WhiteClock "0:00:05"]
[BlackClock "0:00:05"]

1. e4 e5 2. Nf3 Nc6 3. d4 exd4 4. c3 d5 5. Bd3 Nf6 6. e5 Ne4 7. O-O dxc3 8. Nxc3 Bf5 9. Qe1 Bb4 10. Bd2 Bxc3 11. bxc3 O-O 12. Rd1 Re8 13. Bf4 Qe7 14. Nd4 Bg6 15. Rb1 Nxe5 16. Bxe5 Qxe5 17. Rxb7 c5 18. Nf3 Qxc3 19. Qb1 Nd2 20. Bxg6 Nxf3+ 21. gxf3 hxg6 22. Rd7 Qxf3 23. Qd1 Qxd1 24. Rxd1 d4 25. Rd5 Rac8 26. Rc1 Red8 27. Rcxc5 Kh7 28. Rxd4 Rxd4 29. Rxc8 Rg4+ 30. Kf1 Ra4 31. Rc7 f5 32. Rc2 g5 33. Kg2 g4 34. h3 gxh3+ 35. Kxh3 g5 36. Kg3 Ra3+ 37. Kg2 Kg6 38. Rb2 Kh5 39. Rb5 Kg4 40. Rb2 Kh4 41. Rc2 g4 42. Kh2 f4 43. Kg2 a5 44. Rb2 a4 45. Rc2 Kg5 46. Rc5+ Kf6 47. Rc2 Ke5 48. Rc5+ Kd4 49. Rg5 g3 50. Rg4 Rxa2 51. Rxf4+ Ke5 52. Kxg3 Ra1 53. Rb4 a3 54. Ra4 a2 55. Kg2 Kd5 56. Ra8 Kc6 57. Ra4 Kb7 58. Ra3 Kb6 59. Ra8 Kb5 60. Rb8+ Kc4 61. Ra8 Kd5 62. Rd8+ Ke6 63. Ra8 Kf5 64. Ra5+ Kg4 65. Ra4+ Kg5 66. Ra3 Kf4 67. Ra4+ Ke5 68. Ra5+ Kd4 69. Ra6 Kc5 70. Ra8 Kd6 71. Ra3 Kc7 72. Ra8 Kc6 73. Ra6+ Kb7 74. Ra4 Kb6 75. Rb4+ Ka5 76. Rb8 Rg1+ 77. Kxg1 a1=Q+ 78. Kg2 Qg7+ 79. Kf1 Qh7 80. Rb3 Qh1+ 81. Ke2 Qh5+ 82. Kd2 Ka4 83. Re3 Qf5 84. Ke2 Kb4 85. Kf1 Qg4 86. Ke1 Qg1+ 87. Ke2 Kc4 88. Re4+ Kd5 89. Re3 Qb1 90. Rd3+ Ke4 91. Re3+ Kd4 92. Kf3 Qh1+ 93. Ke2 Qh5+ 94. Kf1 Qh4 95. Kg2 Qg4+ 96. Kf1 Qg6 97. Ke2 Qb1 98. Kf3 Qb7+ 99. Ke2 Kd5 100. Kf1 Qg7 101. Ke2 Qg4+ 102. Kf1 Qh4 103. Kg2 Kd4 104. Kf1 Qh1+ 105. Ke2 Kc4 106. Rg3 Qe4+ 107. Re3 Qb1 108. Kf3 Kd4 109. Kg2 Qf5 110. Kf1 Qf4 111. Kg2 Qg4+ 112. Kf1 Qh4 113. Kg2 Qg5+ 114. Rg3 Qd5+ 115. Kf1 Ke4 116. Re3+ Kf4 117. Ke2 Qc4+ 118. Ke1 Qc2 119. Kf1 Kg4 120. Kg2 Qc6+ 121. Kg1 Kf4 122. Kf1 Qb5+ 123. Kg1 Qb8 124. Kf1 Qh8 125. Kg2 Qh5 126. Rg3 Qh4 127. Kg1 Qh5 1/2-1/2


[Site "https://www.chess.com"]

[Event "Titled Tuesday Blitz November 01 Early 2022"]
[White "Ozdemir, Serhan Berat"]
[Black "Csonka, Balazs"]
[WhiteFideId "6374611"]
[BlackFideId "742910"]
[WhiteElo "2553"]
[BlackElo "2744"]
[Result "0-1"]
[Round "06"]
[TimeControl "180+1"]
[Date "2022.11.02"]
[WhiteClock "0:00:01"]
[BlackClock "0:00:54"]

1. e4 e5 2. Nf3 Nc6 3. d4 exd4 4. Bc4 Nf6 5. e5 d5 6. Bb5 Nd7 7. O-O Be7 8. Re1 O-O 9. Bxc6 bxc6 10. Nxd4 Nb8 11. Qf3 Qd7 12. Nc3 Na6 13. Bf4 Nc5 14. Bg3 Ne6 15. Nf5 Bb4 16. Qg4 Bxc3 17. bxc3 Ng5 18. Qxg5 Qxf5 19. Qxf5 Bxf5 20. Rab1 Rab8 21. Rec1 Bxc2 22. Rxb8 Rxb8 23. h4 Rb2 0-1


[Site "https://www.chess.com"]

[Event "Titled Tuesday Blitz November 01 Early 2022"]
[White "Ozen, Bahadir"]
[Black "Belozerov, Andrei"]
[WhiteFideId "6337058"]
[BlackFideId "4120213"]
[WhiteElo "2503"]
[BlackElo "2360"]
[Result "1/2-1/2"]
[Round "06"]
[TimeControl "180+1"]
[Date "2022.11.01"]
[WhiteClock "0:00:32"]
[BlackClock "0:00:07"]

1. g3 d5 2. Bg2 Nf6 3. d3 e5 4. Nf3 Bd6 5. O-O O-O 6. Nbd2 c6 7. e4 Re8 8. b3 Bg4 9. h3 Bh5 10. Qe1 Nbd7 11. Bb2 Qc7 12. Nh4 Rad8 13. a3 a5 14. Kh1 Nc5 15. Nf5 Bf8 16. Ra2 dxe4 17. dxe4 Rxd2 18. Qxd2 Ncxe4 19. Qe1 Nc5 20. Ba1 Bg6 21. Nh4 Be4 22. Nf3 Qd7 23. Kh2 Bd6 24. b4 axb4 25. axb4 Na6 26. Bc3 Nc7 27. Bd2 Bd5 28. Ra5 e4 29. Nd4 b6 30. Ra7 c5 31. bxc5 bxc5 32. Ne2 Qc6 33. Be3 Nb5 34. Ra5 Be5 35. Qd2 Bc4 36. Rb1 Bxe2 37. Qxe2 Nc3 38. Qf1 Nxb1 39. Qxb1 Bd4 40. Qe1 h5 41. c3 Bxe3 42. Qxe3 h4 43. Rxc5 hxg3+ 44. fxg3 Qd6 45. Qd4 Qxd4 46. cxd4 e3 47. Rc1 e2 48. Re1 Re3 49. g4 Ne4 50. Bxe4 Rxe4 51. Kg3 Rxd4 52. Rxe2 g6 53. Re3 Kg7 1/2-1/2


[Site "https://www.chess.com"]

[Event "Titled Tuesday Blitz November 01 Early 2022"]
[White "Pap, Gyula"]
[Black "Toshali, V"]
[WhiteFideId "725323"]
[BlackFideId "5072611"]
[WhiteElo "2519"]
[BlackElo "1973"]
[Result "1-0"]
[Round "06"]
[TimeControl "180+1"]
[Date "2022.11.02"]
[WhiteClock "0:00:52"]
[BlackClock "0:00:01"]

1. d4 c5 2. d5 d6 3. c4 Bd7 4. Nc3 a6 5. a4 g6 6. e4 Bg7 7. Nf3 Nf6 8. h3 O-O 9. Bg5 e6 10. Qd2 Qe7 11. Be2 Re8 12. O-O Qf8 13. a5 h6 14. Be3 exd5 15. exd5 Re7 16. Bf4 Re8 17. Rfe1 g5 18. Bh2 Bf5 19. Bd3 Bxd3 20. Qxd3 Nbd7 21. Qf5 Rad8 22. g4 Rxe1+ 23. Rxe1 Ne8 24. h4 gxh4 25. g5 hxg5 26. Nxg5 Ndf6 27. Kh1 Rd7 28. Rg1 Re7 29. Nce4 Kh8 30. Nxf6 Nxf6 31. Bxd6 Qe8 32. Bxe7 Qxe7 33. Qc8+ 1-0


[Site "https://www.chess.com"]

[Event "Titled Tuesday Blitz November 01 Early 2022"]
[White "Parpiev, Isaak"]
[Black "Gorodetzky, David"]
[WhiteFideId "34281576"]
[BlackFideId "2813416"]
[WhiteElo "2100"]
[BlackElo "2487"]
[Result "0-1"]
[Round "06"]
[TimeControl "180+1"]
[Date "2022.11.01"]
[WhiteClock "0:00:08"]
[BlackClock "0:00:13"]

1. e4 c6 2. d4 d5 3. exd5 cxd5 4. c4 Nf6 5. Nc3 g6 6. cxd5 Bg7 7. Bc4 Nbd7 8. d6 e6 9. Nf3 O-O 10. Bf4 Nh5 11. Be5 Nb6 12. Bb3 f6 13. Bg3 Nxg3 14. hxg3 Qxd6 15. O-O Nd5 16. Ne4 Qd8 17. Re1 b6 18. Nc3 Kh8 19. Rc1 Rf7 20. Qd3 Bh6 21. Rcd1 Qd7 22. Ba4 Qd6 23. Nxd5 exd5 24. Re8+ Rf8 25. Rde1 Bf5 26. Qb5 a6 27. Qc6 Qxc6 28. Bxc6 Raxe8 29. Rxe8 Rxe8 30. Bxe8 Bc1 31. Bc6 Be4 32. b3 Kg7 33. Kf1 Kf8 34. Ke2 Ke7 35. Ne1 Kd6 36. Bb7 a5 37. Nd3 Ba3 38. f3 Bf5 39. Nf4 Bb2 40. Ke3 Bc1+ 41. Ke2 Bb2 42. Ke3 Bc1+ 43. Ke2 Bxf4 44. gxf4 g5 45. fxg5 fxg5 46. g3 h5 47. Kf2 Be6 48. Ba6 Ke7 49. Bd3 Kf6 50. a3 Bf5 51. Bb5 h4 52. b4 axb4 53. axb4 Be6 54. Ba4 Bf7 55. Bb3 Be6 56. Ba2 Ke7 57. Bb3 Kd6 58. Ba4 Bf5 59. Bb5 Bc2 60. Be2 Kc6 61. Kg2 Bf5 62. Bf1 Kd6 63. Be2 Be6 64. Bd1 Bf5 65. Ba4 Bd3 66. Kh3 hxg3 67. Kxg3 Bf5 68. Be8 Ke6 69. Bc6 Kd6 70. Bb5 Be6 71. Be2 Ke7 72. Bb5 Kf6 73. Bc6 Kf5 74. Bb7 Bf7 75. Bc8+ Kf6 76. Bb7 Be6 77. Bc6 Ke7 78. Bb5 Kd6 79. Be8 Bf5 80. Bb5 Ke7 81. Bc6 Kf6 82. Bxd5 Bd7 83. Be4 Be6 84. d5 Bd7 85. Bd3 Ke5 86. Bc4 Kd4 87. Ba2 Kc3 88. b5 Kb4 89. f4 gxf4+ 90. Kxf4 Kxb5 91. Ke5 Kc5 92. Bb1 b5 93. Bc2 b4 94. Bb3 Bb5 95. d6 Bd7 96. Be6 Bc6 97. d7 Bxd7 98. Bxd7 Kc4 99. Bf5 Kc3 100. Bg6 b3 101. Bf5 Kb2 102. Be4 Ka2 103. Kd4 b2 104. Kc3 Ka3 105. Kc2 Ka2 106. Kc3 Ka1 107. Bb1 Kxb1 108. Kd3 Kc1 0-1


[Site "https://www.chess.com"]

[Event "Titled Tuesday Blitz November 01 Early 2022"]
[White "Pham, Khoi"]
[Black "Jakubowski, Krzysztof"]
[WhiteFideId "1054988"]
[BlackFideId "1112848"]
[WhiteElo "2481"]
[BlackElo "2373"]
[Result "0-1"]
[Round "06"]
[TimeControl "180+1"]
[Date "2022.11.02"]
[WhiteClock "0:00:04"]
[BlackClock "0:00:26"]

1. e4 c5 2. Nf3 d6 3. Nc3 a6 4. d4 cxd4 5. Nxd4 Nf6 6. f4 e6 7. Be3 b5 8. a3 Bb7 9. Bd3 Nbd7 10. Nb3 Rc8 11. Qe2 Be7 12. Bd2 O-O 13. g4 Nb6 14. g5 Nfd7 15. Rg1 Re8 16. h4 Na4 17. h5 Nxb2 18. g6 fxg6 19. hxg6 h6 20. Rb1 Nc4 21. a4 Nxd2 22. Qxd2 Bf6 23. Ne2 Qb6 24. Kf1 Rf8 25. axb5 axb5 26. Na5 Ba6 27. Nc4 Qc5 28. Ne3 Bg5 29. Ng2 Ne5 30. Rh1 Ng4 31. Qe1 Ne3+ 32. Nxe3 Qxe3 33. f5 exf5 34. exf5 Qf3+ 35. Kg1 Bb7 36. Rh2 Be3+ 37. Rf2 Qg2# 0-1


[Site "https://www.chess.com"]

[Event "Titled Tuesday Blitz November 01 Early 2022"]
[White "Pinheiro, Iung Alicio de O."]
[Black "Zilleruelo Irizarry, Diego"]
[WhiteFideId "2104350"]
[BlackFideId "3101460"]
[WhiteElo "2283"]
[BlackElo "1998"]
[Result "1-0"]
[Round "06"]
[TimeControl "180+1"]
[Date "2022.11.02"]
[WhiteClock "0:00:18"]
[BlackClock "0:00:04"]

1. d4 d5 2. Bf4 c5 3. e3 Nc6 4. c3 Qb6 5. Qb3 c4 6. Qc2 e5 7. dxe5 Bf5 8. Qxf5 Qxb2 9. e6 fxe6 10. Qxe6+ Nge7 11. Bxc4 dxc4 12. Nf3 Qxa1 13. O-O h6 14. Nbd2 Qxa2 15. Nxc4 Qa4 16. Nd6+ Kd8 17. Nxb7+ Ke8 18. Nd6+ Kd8 19. Nf7+ Ke8 20. Nxh8 Nd8 21. Qh3 Qe4 22. Qh5+ g6 23. Qb5+ Ndc6 24. Ne5 g5 25. Bg3 Rb8 26. Qc5 Nxe5 27. Bxe5 Rc8 28. Qd6 Rc6 29. Qd4 Qxd4 30. Bxd4 h5 31. f4 g4 32. f5 Nd5 33. Ng6 Nxc3 34. Nxf8 Kxf8 35. Kf2 Ne4+ 36. Ke2 h4 37. Kd3 Nf6 38. e4 Nh5 39. e5 a5 40. e6 Ke7 41. Ke4 Rc4 42. Kd5 Rb4 43. f6+ Ke8 44. f7+ Ke7 45. Bc5+ 1-0


[Site "https://www.chess.com"]

[Event "Titled Tuesday Blitz November 01 Early 2022"]
[White "Pultinevicius, Paulius"]
[Black "Korelskiy, Egor"]
[WhiteFideId "12809390"]
[BlackFideId "34329064"]
[WhiteElo "2500"]
[BlackElo "2053"]
[Result "1-0"]
[Round "06"]
[TimeControl "180+1"]
[Date "2022.11.01"]
[WhiteClock "0:00:40"]
[BlackClock "0:00:02"]

1. d4 d5 2. c4 e6 3. Nc3 c6 4. e3 Bd6 5. Nf3 f5 6. h3 Nf6 7. g4 O-O 8. gxf5 exf5 9. Qb3 dxc4 10. Bxc4+ Kh8 11. Ng5 Nd5 12. h4 Bb4 13. Bd2 Bxc3 14. bxc3 h6 15. Nf3 Nb6 16. Be2 Qe8 17. h5 Be6 18. c4 N8d7 19. Nh4 Bf7 20. Rg1 Nf6 21. Nxf5 Rg8 22. f3 Bxh5 23. e4 Nxe4 24. fxe4 Bxe2 25. Qe3 Nxc4 26. Qxe2 Nxd2 27. Kxd2 Rd8 28. Rxg7 Rxg7 29. Nxg7 1-0


[Site "https://www.chess.com"]